 Dungeon Crawl Stone Soup version 0.29.1-15-g9cfb28693d (webtiles) character file.

Game seed: 1312482536349172985

742 zeram the Cleaver (level 7, -11/59 HPs)
             Began as a Hill Orc Fighter on Mar 14, 2023.
             Was an Initiate of Gozag.
             Mangled by a gnoll bouda
             ... wielding a +1 whip of electrocution
              (16 damage)
             ... on level 5 of the Dungeon.
             The game lasted 00:06:29 (4238 turns).

zeram the Cleaver (Hill Orc Fighter)                Turns: 4238, Time: 00:06:29

Health: -11/59     AC: 10    Str: 21    XL:     7   Next: 76%
Magic:  7/7        EV:  9    Int: 11    God:    Gozag
Gold:   566        SH:  0    Dex: 10    Spells: 6/6 levels left

rFire   . . .      SeeInvis .   n - +1 broad axe (venom)
rCold   . . .      Faith    .   c - +1 buckler
rNeg    . . .      Spirit   .   b - +0 scale mail
rPois   .          Reflect  .   u - +2 helmet {Int+3}
rElec   .          Harm     .   (no cloak)
rCorr   .          Rampage  .   (no gloves)
Will    +....                   (no boots)
Stlth   ..........              (no amulet)
HPRegen 0.19/turn               p - ring of willpower
MPRegen 0.10/turn               (no ring)

@: confused, ambrosia-drunk, weakened
A: no striking features
a: Renounce Religion, Potion Petition, Call Merchant, Bribe Branch


You were on level 5 of the Dungeon.
You worshipped Gozag.
Gozag was pleased with you.
You visited 1 branch of the dungeon, and saw 5 of its levels.

You collected 591 gold pieces.
You paid 25 gold pieces to Gozag.

Inventory:

Hand Weapons
 a - a +0 vorpal war axe
 n - a +1 broad axe of venom (weapon)
 q - a +2 spear of freezing
Missiles
 e - 2 throwing nets (quivered)
Armour
 b - a +0 scale mail (worn)
 c - a +1 buckler (worn)
 u - a +2 helmet of intelligence (worn)
Jewellery
 p - a ring of willpower (left hand)
Wands
 t - a wand of flame (10)
Scrolls
 j - 3 scrolls of teleportation
 v - a scroll of amnesia
 w - a scroll of silence {unknown}
Potions
 d - 2 potions of might
 g - a potion of attraction
 h - a potion of brilliance {unknown}
 i - a potion of haste {unknown}
 k - a potion of berserk rage {unknown}
 l - a potion of mutation {unknown}
 m - 4 potions of curing {unknown}
 o - a potion of heal wounds {unknown}
 r - a potion of degeneration {unknown}
 s - 2 potions of lignification {unknown}


   Skills:
 - Level 4.2 Fighting
 + Level 8.3 Axes
 + Level 5.3 Armour
 + Level 1.5 Dodging
 + Level 4.6 Shields


You had 6 spell levels left.
You didn't know any spells.
Your spell library contained the following spells:

 Spells                   Type           Power      Damage    Failure   Level
 Ensorcelled Hibernation  Hex/Ice        0%         N/A       87%         2
 Passwall                 Tmut/Erth      0%         N/A       87%         2
 Conjure Flame            Conj/Fire      0%         6-21      98%         3
 Ignite Poison            Fire/Tmut/Pois 0%         N/A       98%         3
 Swiftness                Air            0%         N/A       98%         3
 Sticky Flame             Conj/Fire      0%         2d3       100%        4


Dungeon Overview and Level Annotations

Branches:
Dungeon (5/15)
 Temple: D:4-7

Altars:
Cheibriados
Gozag
Okawaru
Sif Muna


Message History

You closely miss the gnoll.
The gnoll is almost dead.
You completely miss the gnoll bouda. You hit the gnoll.
The gnoll is poisoned.
You kill the gnoll!
The gnoll hits you but does no damage. The gnoll bouda closely misses you.
The orc hits you but does no damage.
Unknown command.
You hit the gnoll.
The gnoll is moderately wounded.
You hit the gnoll bouda.
The gnoll bouda is poisoned.
The gnoll completely misses you. You block the orc's attack.
The gnoll bouda hits you with a +1 whip of electrocution.
You hit the gnoll but do no damage.
The gnoll looks as sick as possible!
The gnoll is moderately wounded.
You closely miss the gnoll bouda. The gnoll hits you but does no damage.
The orc closely misses you.
The gnoll bouda hits you with a +1 whip of electrocution.
Unknown command.
You barely miss the gnoll.
The gnoll is severely wounded.
You closely miss the gnoll bouda. The gnoll hits you with a +0 club.
The orc completely misses you.
The gnoll bouda hits you with a +1 whip of electrocution.
You are electrocuted!
* * * LOW HITPOINT WARNING * * *
The gnoll hits you but does no damage. You block the gnoll bouda's attack.
The orc hits you but does no damage.
You are confused.
You feel invigorated. The gnoll hits you but does no damage.
The gnoll bouda barely misses you. The orc hits you but does no damage.
You closely miss the gnoll bouda.
The gnoll bouda is moderately wounded.
You miss the gnoll. The gnoll hits you but does no damage.
The orc hits you from afar with a +2 vampiric trident!
* * * LOW HITPOINT WARNING * * *
The gnoll bouda hits you with a +1 whip of electrocution.
* * * LOW HITPOINT WARNING * * *
You are electrocuted!
You die...
Your body crumbles into a pile of gold.

.........#
........#
#.$.....####
#...........
#.........
#....o..#
#..$gg.#
#..$@$.#
#.....##
#....##
#....#
#....#
######...##
.........#
.........#
##......##


You could see a gnoll bouda (poisoned), a gnoll (swift, very poisoned) and an
orc.

Vanquished Creatures
  Eustachio (D:4)
  A water moccasin (D:5)
  An ice beast (D:4)
  2 scorpions (D:4)
  A hound (D:4)
  Jessica (D:3)
  An orc wizard (D:4)
  6 gnolls
  4 adders
  3 worms
  A dart slug (D:4)
  14 orcs
  4 ball pythons
  4 endoplasms
  3 giant cockroaches
  8 goblins
  15 hobgoblins
  4 quokkas
  7 bats
  5 frilled lizards
  6 kobolds
  6 rats
98 creatures vanquished.

Notes
Turn   | Place    | Note
-------+----------+-------------------------------------------
     0 | D:1      | zeram the Hill Orc Fighter began the quest for the Orb.
     0 | D:1      | Reached XP level 1. HP: 19/19 MP: 1/1
   190 | D:1      | Reached XP level 2. HP: 27/27 MP: 2/2
   519 | D:1      | Found a faded altar of an unknown god.
   647 | D:1      | Reached skill level 3 in Axes
   811 | D:1      | Reached XP level 3. HP: 33/33 MP: 3/3
   944 | D:2      | Found an opulent altar of Gozag.
   955 | D:2      | Became a worshipper of Gozag Ym Sagoz the Greedy
  1727 | D:3      | Reached XP level 4. HP: 38/40 MP: 4/4
  2068 | D:3      | Noticed Jessica
  2074 | D:3      | Reached skill level 4 in Axes
  2074 | D:3      | Killed Jessica
  2318 | D:3      | Reached XP level 5. HP: 40/46 MP: 5/5
  2421 | D:3      | Found an iron altar of Okawaru.
  3232 | D:4      | Reached skill level 5 in Axes
  3248 | D:4      | Reached XP level 6. HP: 23/52 MP: 6/6
  3284 | D:4      | Reached skill level 1 in Dodging
  3708 | D:4      | Noticed Eustachio
  3721 | D:4      | Killed Eustachio
  3722 | D:4      | Reached skill level 6 in Axes
  3786 | D:4      | Noticed an ice beast
  3799 | D:4      | Killed an ice beast
  3800 | D:4      | Reached skill level 7 in Axes
  3800 | D:4      | Reached skill level 5 in Armour
  3800 | D:4      | Reached XP level 7. HP: 47/59 MP: 7/7
  3961 | D:4      | Found a snail-covered altar of Cheibriados.
  4017 | D:4      | Found a shimmering blue altar of Sif Muna.
  4201 | D:5      | Entered Level 5 of the Dungeon
  4233 | D:5      | Reached skill level 8 in Axes
  4238 | D:5      | Mangled by a gnoll bouda

Illustrated notes

Levels and vault maps discovered:
D:1:      dpeg_arrival_leaves_temple_mockup, layout_loops_ring,
          ebering_ecumenical_altar_petrified
D:2:      layout_basic, basic_altar, minmay_misc_feat_five
D:3:      layout_basic, general_overflow_altar, st_stairs_9, minivault_11,
          uniq_jessica
D:4:      layout_cave_pools, cheibriados_altar_1, kennysheep_orc_sif_temple,
          minivault_1, uniq_eustachio
D:5:      layout_cave_pods, temple_statues, uniq_crazy_yiuf_cottage

Skill      XL: |  1  2  3  4  5  6  7 |
---------------+----------------------+-----
Axes           | 3 4 5 7 8 |  8.3
Fighting       | 4 |  4.2
Armour         | 4 5 |  5.3
Shields        | 4 |  4.6
Dodging        | 1 |  1.5

Action                   |  1- 3 |  4- 6 |  7- 9 || total
-------------------------+-------+-------+-------++-------
Melee: War axe           |    77 |       |       ||    77
       Broad axe         |    30 |   144 |    21 ||   195
  Use: Scroll            |     7 |     2 |     2 ||    11
       Potion            |       |       |     1 ||     1
Armor: Scale mail        |    58 |    58 |    17 ||   133
Dodge: Dodged            |    50 |    75 |    20 ||   145
Block: Buckler           |    26 |    30 |    13 ||    69
